 Dungeon Crawl Stone Soup version 0.21-a0-47-g7c8f537 (webtiles) character file.

13113 Kidiri the Thaumaturge (level 11, -28/61 HPs)
             Began as a Deep Elf Fire Elementalist on June 8, 2017.
             Was a Priest of Vehumet.
             Annihilated by a titanic slime creature (65 damage)
             ... on level 12 of the Dungeon.
             The game lasted 01:03:41 (14836 turns).

Kidiri the Thaumaturge (DEFE)                      Turns: 14836, Time: 01:03:42

Health: -28/61     AC:  7    Str: 11    XL:     11   Next: 71%
Magic:  13/30      EV: 19    Int: 27    God:    Vehumet [***...]
Gold:   108        SH:  0    Dex: 30    Spells: 4/36 levels left

rFire    x . .     SeeInvis .   B - +7 quarterstaff "Tinye" {holy, Str+3}
rCold    . . .     Gourm    .   (shield currently unavailable)
rNeg     + . .     Faith    .   a - +0 robe
rPois    .         Spirit   .   c - +1 helmet
rElec    +         Reflect  .   T - +0 cloak of Prudence {-Tele rElec rN+ Dex+8}
rCorr    .         Harm     .   U - +0 pair of gloves
MR       +++..     NoTele   +   I - +0 pair of boots
Stlth    +++.......             q - amulet of Usyntiusimu {rF- Regen+ Str+3 Int+3}
Regen    0.6/turn               d - ring of protection from magic
MPRegen  0.3/turn               W - +5 ring of dexterity

@: no status effects
A: agile 1, magic resistance 1, wild magic 1
a: Renounce Religion


You were on level 12 of the Dungeon.
You worshipped Vehumet.
Vehumet was most pleased with you.
You were not hungry.

You visited 2 branches of the dungeon, and saw 13 of its levels.

You collected 816 gold pieces.
You spent 708 gold pieces at shops.

Inventory:

Hand Weapons
 b - the +1 great mace "Banisher" {venom, rC+}
   (You found it on level 7 of the Dungeon)

   It poisons the flesh of those it strikes.
   It protects you from cold.
 o - a +1 dagger of venom
 B - the +7 quarterstaff "Tinye" (weapon) {holy, Str+3}
   (You bought it in a shop on level 7 of the Dungeon)

   It has been blessed by the Shining One to cause great damage to the undead
   and demons.
   It affects your strength (+3).
 P - a +3 vampiric short sword
 Q - a +2 dagger of draining
Armour
 a - a +0 robe (worn)
 c - a +1 helmet (worn)
 I - a +0 pair of boots (worn)
 T - the +0 cloak of Prudence (worn) {-Tele rElec rN+ Dex+8}
   (You bought it in a shop on level 11 of the Dungeon)

   It affects your dexterity (+8).
   It insulates you from electricity.
   It protects you from negative energy.
   It prevents most forms of teleportation.
 U - a +0 pair of gloves (worn)
Jewellery
 d - a ring of protection from magic (left hand)
 q - the amulet of Usyntiusimu (around neck) {rF- Regen+ Str+3 Int+3}
   (You found it on level 4 of the Dungeon)

   [amulet of regeneration]

   It affects your strength (+3).
   It affects your intelligence (+3).
   It makes you vulnerable to fire.
   It increases your rate of regeneration.
 x - an uncursed ring of ice
 y - an uncursed ring of protection from cold
 D - an uncursed amulet of regeneration
 N - an uncursed ring of positive energy
 V - an uncursed ring of protection from fire
 W - a +5 ring of dexterity (right hand)
Wands
 m - a wand of flame (48/48)
 A - a wand of confusion (10/48)
 H - a wand of flame (2/48)
 R - a wand of iceblast (5/15)
Scrolls
 f - a scroll of teleportation
 n - 2 scrolls of recharging
 s - a scroll of immolation
 t - a scroll of blinking
 u - 2 scrolls of remove curse
 L - 2 scrolls of magic mapping
Potions
 e - a potion of agility
 h - 3 potions of haste
 i - 2 potions of ambrosia
 j - 3 potions of lignification
 l - 2 potions of berserk rage {unknown}
 p - a potion of resistance
 r - 5 potions of heal wounds {unknown}
 v - 2 potions of curing
 w - a potion of cancellation
 z - 2 potions of brilliance
 C - 2 potions of magic {unknown}
 E - 4 potions of degeneration {unknown}
 F - a potion of might
 G - a potion of flight
 J - a potion of mutation
Books
 M - a book of the Earth

   Spells                             Type                      Level
   a - Leda's Liquefaction            Hexes/Earth                  4
   b - Bolt of Magma                  Conjuration/Fire/Earth       5
   c - Statue Form                    Transmutation/Earth          6
   d - Iron Shot                      Conjuration/Earth            6
   e - Shatter                        Earth                        9
 X - a book of Geomancy

   Spells                             Type                      Level
   a - Sandblast                      Earth                        1
   b - Passwall                       Transmutation/Earth          2
   c - Stone Arrow                    Conjuration/Earth            3
   d - Petrify                        Transmutation/Earth          4
   e - Lee's Rapid Deconstruction     Earth                        5
Comestibles
 g - 6 meat rations
 k - a royal jelly
 K - 24 fruits
 O - 5 chunks of flesh
 S - a bread ration


   Skills:
 + Level 4.2 Fighting
 + Level 4.4 Short Blades
 + Level 3.5 Armour
 + Level 6.2 Dodging
 - Level 2.4 Stealth
 * Level 13.1 Spellcasting
 + Level 8.4 Conjurations
 + Level 8.9 Fire Magic
 + Level 4.7 Air Magic
 * Level 2.5 Earth Magic
 + Level 4.8 Poison Magic


You had 4 spell levels left.
You knew the following spells:

 Your Spells              Type           Power        Failure   Level  Hunger
a - Flame Tongue          Conj/Fire      #####        1%          1    None
b - Throw Flame           Conj/Fire      ######       1%          2    None
c - Conjure Flame         Conj/Fire      ######..     1%          3    None
d - Inner Flame           Hex/Fire       ######..     1%          3    None
e - Sticky Flame          Conj/Fire      ######..     1%          4    None
f - Fireball              Conj/Fire      ######....   1%          5    ##.....
g - Bolt of Magma         Conj/Fire/Erth ######....   2%          5    ##.....
h - Mephitic Cloud        Conj/Pois/Air  ######..     1%          3    None
i - Olgreb's Toxic Radia  Pois           ######..     1%          4    None
j - Searing Ray           Conj           ######       1%          2    None


Dungeon Overview and Level Annotations

Branches:
Dungeon (12/15)            Temple (1/1) D:7            Lair (0/6) D:10
    Orc: D:9-12

Altars:
Ashenzari
Cheibriados
Dithmenos
Elyvilon
Fedhas
Gozag
Hepliaklqana
Kikubaaqudgha
Makhleb
Nemelex Xobeh
Okawaru
Qazlal
Ru
Sif Muna
Trog
Uskayaw
Vehumet
Wu Jian
Xom
Yredelemnul
Zin
The Shining One

Shops:
D:3 *   D:7 *   D:11 [

Portals:
Trove: D:12 (give 4 potions of resistance)


Innate Abilities, Weirdness & Mutations

You are agile. (Dex +2)
You are resistant to hostile enchantments. (MR+)
Your spells are a little harder to cast, but a little more powerful.


Message History

The titanic slime creature is moderately wounded.
The big kobold looks even sicker.
The titanic slime creature hits you!
Unknown command.
You completely miss the titanic slime creature.
The titanic slime creature is moderately wounded.
Your toxic aura wanes.
The titanic slime creature misses you.
The crimson imp summons a swarm of flies.
Unknown command.
Casting: Olgreb's Toxic Radiance
Confirm with . or Enter, or press ? or * to list all spells.
Aiming: Sticky Flame
Press: ? - help, Shift-Dir - straight line, f - titanic slime creature
Aim: a titanic slime creature (lightly wounded)
The sticky flame hits the titanic slime creature.
The titanic slime creature is moderately wounded.
The titanic slime creature is covered in liquid flames!
The titanic slime creature burns!
The titanic slime creature hits you!!!
Ouch! That really hurt!
You die...

....#.'..<.....#######
....###........# #####
#######'## .# #....#
## +## ##'#### ... ..#
#.....# .... ..#
#.....# ..W.. ..#
#.....#######).....
.<#
+.....'.@J§K5(.....
..+
#.....#######......
..# #.....# ..... ###
#.....# .... ###+###
... ## ###


You could see a titanic slime creature (burning), a big kobold and a crimson
imp.

Vanquished Creatures
  3 two-headed ogres
  A manticore (D:11)
  5 gargoyles (D:9)
  2 trolls
  4 hippogriffs
  5 yaks (D:11)
  A wyvern (D:11)
  Grum (D:10)
  An acid dragon (D:9)
  2 water moccasins
  4 sky beasts
  2 ice beasts
  14 orc warriors
  2 wolves (D:10)
  6 ogres
  A necrophage (D:12)
  3 phantoms
  3 centaurs
  3 big kobolds
  4 bullfrogs
  6 scorpions
  A water moccasin skeleton (D:8)
  7 killer bees
  6 howler monkeys
  6 electric eels (D:6)
  9 crimson imps
  The ghost of Duffy the Firebug, a weakling DEFE (D:3)
  2 quasits
  11 orc priests
  A centaur skeleton (D:9)
  3 bullfrog skeletons
  6 hounds
  2 jellies
  16 orc wizards
  Terence (D:2)
  An iguana (D:5)
  10 worker ants
  2 hound zombies
  2 worker ant zombies
  Robin (D:2)
  4 gnolls (D:6)
  A howler monkey skeleton (D:7)
  9 adders
  4 shadow imps
  2 oozes
  2 adder zombies
  An adder skeleton (D:6)
  2 worms
  3 dart slugs
  4 leopard geckos
  60 orcs
  8 giant cockroaches
  15 goblins
  7 hobgoblins
  4 jackals
  2 quokkas
  7 bats
  3 frilled lizards
  A jackal skeleton (D:4)
  A jackal zombie (D:6)
  28 kobolds
  A leopard gecko zombie (D:5)
  A quokka skeleton (D:4)
  6 rats
  7 plants (D:6)
344 creatures vanquished.

Notes
Turn   | Place    | Note
-------+----------+-------------------------------------------
     0 | D:1      | Kidiri the Deep Elf Fire Elementalist began the quest for the Orb.
     0 | D:1      | Reached XP level 1. HP: 10/10 MP: 6/6
   313 | D:1      | Reached XP level 2. HP: 9/15 MP: 6/8
   317 | D:1      | Learned a level 2 spell: Throw Flame
  1001 | D:2      | Reached XP level 3. HP: 18/19 MP: 6/10
  1006 | D:2      | Learned a level 3 spell: Conjure Flame
  1010 | D:2      | Learned a level 3 spell: Inner Flame
  1046 | D:2      | Noticed Terence
  1427 | D:2      | Reached skill level 4 in Spellcasting
  1664 | D:2      | Noticed Robin
  1814 | D:2      | Killed Terence
  1814 | D:2      | Reached XP level 4. HP: 24/24 MP: 1/12
  2007 | D:2      | Found a burning altar of Makhleb.
  2168 | D:2      | Reached skill level 5 in Spellcasting
  2184 | D:2      | Killed Robin
  2184 | D:2      | Reached XP level 5. HP: 6/28 MP: 0/14
  2474 | D:2      | Learned a level 4 spell: Sticky Flame
  2530 | D:3      | Found Zin's Purification Station.
  2531 | D:3      | Found a glowing silver altar of Zin.
  3014 | D:3      | Found a deep blue altar of Sif Muna.
  3977 | D:3      | Noticed Duffy's ghost (weakling DEFE)
  3998 | D:3      | Killed Duffy's ghost
  4115 | D:3      | Reached skill level 6 in Spellcasting
  4115 | D:3      | Reached XP level 6. HP: 32/32 MP: 10/17
  4290 | D:4      | Found a white marble altar of Elyvilon.
  4464 | D:4      | Reached skill level 5 in Fire Magic
  4543 | D:4      | Learned a level 5 spell: Fireball
  4573 | D:4      | Reached skill level 7 in Spellcasting
  4742 | D:4      | Reached XP level 7. HP: 10/36 MP: 6/19
  4987 | D:4      | Got a transparent silver amulet
  5026 | D:4      | Identified the amulet of Usyntiusimu {rF- Regen+ Str+3 Int+3} (You found it on level 4 of the Dungeon)
  5036 | D:4      | Reached skill level 8 in Spellcasting
  5156 | D:4      | Found a glowing golden altar of the Shining One.
  5406 | D:5      | Entered Level 5 of the Dungeon
  5467 | D:5      | Found a blossoming altar of Fedhas.
  6097 | D:5      | Reached skill level 5 in Conjurations
  6109 | D:5      | Reached XP level 8. HP: 41/41 MP: 0/22
  6348 | D:6      | Reached skill level 9 in Spellcasting
  6459 | D:6      | Gained mutation: You are agile. (Dex +2) [mutagenic meat]
  6460 | D:6      | Gained mutation: Scrolls take you a little longer to read. [mutagenic meat]
  6462 | D:6      | Lost mutation: You are agile. (Dex +2) [mutagenic meat]
  6463 | D:6      | Gained mutation: Your spells are a little harder to cast, but a little more powerful. [mutagenic meat]
  6796 | D:6      | Reached skill level 10 in Spellcasting
  6961 | D:6      | Found a shattered altar of Ashenzari.
  6996 | D:6      | Learned a level 3 spell: Mephitic Cloud
  7168 | D:6      | Gained mutation: You are covered in fur. (AC +1) [mutagenic meat]
  7169 | D:6      | Gained mutation: Your muscles are strong. (Str +2) [mutagenic meat]
  7170 | D:6      | Lost mutation: You are covered in fur. (AC +1) [mutagenic meat]
  7171 | D:6      | Gained mutation: You are surrounded by a mild repulsion field. (EV +2) [mutagenic meat]
  7172 | D:6      | Lost mutation: Your spells are a little harder to cast, but a little more powerful. [mutagenic meat]
  7224 | D:6      | Reached XP level 9. HP: 38/46 MP: 18/25
  7493 | D:6      | Reached skill level 1 in Fighting
  7845 | D:6      | Reached skill level 1 in Short Blades
  7845 | D:6      | Reached skill level 1 in Air Magic
  7850 | D:6      | Gained mutation: You possess an exceptional clarity of mind. [mutagenic meat]
  7925 | D:6      | Reached skill level 11 in Spellcasting
  7925 | D:6      | Reached skill level 1 in Poison Magic
  7930 | D:6      | Reached skill level 1 in Armour
  8853 | D:7      | Found Xoly's Assorted Antiques.
  8861 | D:7      | Bought a bloodstained quarterstaff for 288 gold pieces
  8861 | D:7      | Identified the +7 quarterstaff "Tinye" {holy, Str+3} (You bought it in a shop on level 7 of the Dungeon)
  8937 | D:7      | Found a staircase to the Ecumenical Temple.
  8996 | Temple   | Entered the Ecumenical Temple
  9222 | Temple   | Became a worshipper of Vehumet
  9333 | D:7      | Got a crude great mace
  9334 | D:7      | Identified the cursed +1 great mace "Banisher" {venom, rC+} (You found it on level 7 of the Dungeon)
  9712 | D:8      | Found an ornate altar of the Wu Jian Council.
  9736 | D:8      | Reached XP level 10. HP: 14/53 MP: 0/27
  9900 | D:8      | Reached * piety under Vehumet
  9900 | D:8      | Offered knowledge of Sandblast by Vehumet.
  9955 | D:8      | Noticed a two-headed ogre
  9979 | D:8      | HP: 1/54 [killer bee (3)]
  9980 | D:8      | Killed a two-headed ogre
  9980 | D:8      | Reached skill level 12 in Spellcasting
  9986 | D:8      | HP: 2/54 [poisoned by a killer bee]
 10294 | D:8      | Found an iron altar of Okawaru.
 10295 | D:8      | Found a sacrificial altar of Ru.
 10314 | D:8      | Found a shattered altar of Ashenzari.
 10512 | D:8      | Noticed a two-headed ogre
 10521 | D:8      | Killed a two-headed ogre
 10672 | D:9      | Lost mutation: Scrolls take you a little longer to read. [potion of mutation]
 10672 | D:9      | Lost mutation: You possess an exceptional clarity of mind. [potion of mutation]
 10672 | D:9      | Lost mutation: Your muscles are strong. (Str +2) [potion of mutation]
 10672 | D:9      | Lost mutation: You are surrounded by a mild repulsion field. (EV +2) [potion of mutation]
 10672 | D:9      | Gained mutation: You are somewhat resistant to further mutation. [potion of mutation]
 11000 | D:9      | Found a shimmering altar of Xom.
 11001 | D:9      | Found a shimmering altar of Xom.
 11001 | D:9      | Found a shimmering altar of Xom.
 11002 | D:9      | Found a shimmering altar of Xom.
 11002 | D:9      | Found a shimmering altar of Xom.
 11002 | D:9      | Found a shimmering altar of Xom.
 11004 | D:9      | Found a shimmering altar of Xom.
 11005 | D:9      | Found a shimmering altar of Xom.
 11190 | D:9      | Noticed a two-headed ogre
 11204 | D:9      | Killed a two-headed ogre
 11204 | D:9      | Reached skill level 5 in Dodging
 11231 | D:9      | Noticed a gargoyle
 11255 | D:9      | Killed a gargoyle
 11321 | D:9      | Noticed a gargoyle
 11327 | D:9      | Killed a gargoyle
 11358 | D:9      | Noticed a gargoyle
 11361 | D:9      | Killed a gargoyle
 11390 | D:9      | Noticed a gargoyle
 11395 | D:9      | Killed a gargoyle
 11395 | D:9      | Reached XP level 11. HP: 15/60 MP: 21/29
 11764 | D:9      | Reached ** piety under Vehumet
 11767 | D:9      | Offered knowledge of Searing Ray by Vehumet.
 11784 | D:9      | Lost mutation: You are somewhat resistant to further mutation. [potion of mutation]
 11784 | D:9      | Gained mutation: Your spells are a little harder to cast, but a little more powerful. [potion of mutation]
 11784 | D:9      | Gained mutation: You are agile. (Dex +2) [potion of mutation]
 11784 | D:9      | Gained mutation: You are resistant to hostile enchantments. (MR+) [potion of mutation]
 11996 | D:9      | Learned a level 2 spell: Searing Ray
 12121 | D:9      | Noticed a great orb of eyes
 12122 | D:9      | Noticed a glowing orange brain
 12164 | D:10     | Entered Level 10 of the Dungeon
 12311 | D:10     | Found a staircase to the Lair.
 12671 | D:10     | Noticed Grum
 12688 | D:10     | Killed Grum
 13187 | D:10     | Offered knowledge of Throw Frost by Vehumet.
 13273 | D:11     | Found a shattered altar of Ashenzari.
 13300 | D:11     | Learned a level 5 spell: Bolt of Magma
 13601 | D:11     | Reached skill level 13 in Spellcasting
 13601 | D:11     | Reached skill level 1 in Earth Magic
 13731 | D:11     | Reached *** piety under Vehumet
 14110 | D:11     | Found Qaesuif's Antique Armour Shop.
 14135 | D:11     | Bought a smoking cloak for 285 gold pieces
 14135 | D:11     | Bought a pair of gloves for 135 gold pieces
 14140 | D:11     | Identified the cursed +0 cloak of Prudence {-Tele rElec rN+ Dex+8} (You bought it in a shop on level 11 of the Dungeon)
 14205 | D:11     | Offered knowledge of Olgreb's Toxic Radiance by Vehumet.
 14212 | D:11     | Learned a level 4 spell: Olgreb's Toxic Radiance
 14664 | D:12     | Found a portal to a secret trove of treasure.
 14836 | D:12     | Annihilated by a titanic slime creature

Vault maps used:
D:1:      dpeg_arrival_rooms_b
D:2:      hex_medium, corexii_hall_statues_i, makhleb_heckhound_becter,
          uniq_robin, uniq_terence
D:3:      zin_purify, first_bread, led_sif_book
D:4:      tso_oasis_becter, elyvilon_altar_1
D:5:      marbit_many_paths
D:6:      cheibrodos_two_vegetables, evilmike_ruin_ashenzari
D:7:      minmay_temple_entry_statues_pillars, serial_shops, shop
D:8:      lemuel_crystal_altar, kennysheep_little_box,
          gammafunk_temple_overflow_statue
D:9:      cheibrodos_statue_roulette, blue_anna_alchemist, st_stairs_13,
          eino_small_chamber_without_monster, xom_shifter_show
D:10:     lair_entry_dummy, uniq_grum
D:11:     serial_shops, nicolae_shop_crystal, basic_altar
D:12:     orc_0_dummy, enter_trove_0, minmay_protected_statue
Temple:   regret_index_temple_generic_petals

Skill      XL: |  1  2  3  4  5  6  7  8  9 10 11 |
---------------+----------------------------------+-----
Conjurations   | 2 3 4 5 6 7 8 |  8.4
Spellcasting   | 4 5 6 7 8 10 11 12 13 | 13.1
Fire Magic     | 4 5 6 7 8 |  8.9
Fighting       | 2 3 4 |  4.2
Short Blades   | 2 3 4 |  4.4
Air Magic      | 2 3 4 |  4.7
Poison Magic   | 2 4 |  4.8
Armour         | 1 3 |  3.5
Dodging        | 3 5 6 |  6.2
Earth Magic    | 2 |  2.5
Stealth        | |  2.4

Action                   |  1- 3 |  4- 6 |  7- 9 | 10-12 || total
-------------------------+-------+-------+-------+-------++-------
Melee: Short sword       |    13 |    27 |       |       ||    40
       Dagger            |       |    12 |   327 |       ||   339
       Quarterstaff      |       |       |    16 |    90 ||   106
       Great mace        |       |       |     6 |     7 ||    13
 Cast: Flame Tongue      |    57 |    95 |   165 |   189 ||   506
       Throw Flame       |     2 |    13 |    27 |    21 ||    63
       Conjure Flame     |     2 |     7 |     8 |    15 ||    32
       Inner Flame       |       |     4 |    11 |     9 ||    24
       Sticky Flame      |       |       |    25 |    35 ||    60
       Fireball          |       |       |     3 |     7 ||    10
       Olgreb's Toxic Ra |       |       |       |     2 ||     2
       Bolt of Magma     |       |       |       |     1 ||     1
  Use: Scroll            |     3 |     2 |     8 |    13 ||    26
       Potion            |     1 |     2 |     1 |     3 ||     7
 Stab: Sleeping          |     3 |       |     3 |     2 ||     8
  Eat: Bread ration      |     1 |     1 |       |       ||     2
       Chunk             |       |     3 |    22 |     7 ||    32
       Fruit             |       |       |     2 |       ||     2
       Royal jelly       |       |       |     1 |     5 ||     6
Armor: Robe              |     4 |    13 |    40 |    30 ||    87
       Skin              |       |    59 |       |       ||    59
Dodge: Dodged            |    21 |    38 |   178 |   149 ||   386
